 Dungeon Crawl Stone Soup version 0.21-a0-509-gecc5317 (webtiles) character file.

5 BingusPrime the Ruffian (level 1, -2/16 HPs)
             Began as a Draconian Transmuter on Nov 28, 2017.
             Slain by a kobold
             ... wielding a +0 dagger
              (3 damage)
             ... on level 1 of the Dungeon.
             The game lasted 00:00:46 (118 turns).

BingusPrime the Ruffian (Draconian Transmuter)       Turns: 118, Time: 00:00:47

Health: -2/16      AC:  4    Str: 12    XL:     1   Next: 66%
Magic:  3/3        EV: 12    Int: 13    God:
Gold:   12         SH:  0    Dex: 11    Spells: 3/4 levels left

rFire    . . .     SeeInvis .   d - -3 club (curse)
rCold    . . .     Gourm    .   (no shield)
rNeg     . . .     Faith    .   (armour unavailable)
rPois    .         Spirit   .   (helmet restricted)
rElec    .         Reflect  .   (no cloak)
rCorr    .         Harm     .   (no gloves)
MR       .....                  (no boots)
Stlth    +.........             (no amulet)
HPRegen  0.05/turn              (no ring)
MPRegen  0.08/turn              (no ring)

@: no status effects
A: unfitting armour, cold-blooded, AC +4
a: no special abilities


You were on level 1 of the Dungeon.
You were not hungry.

You visited 1 branch of the dungeon, and saw 1 of its levels.

You collected 12 gold pieces.

Inventory:

Hand Weapons
 d - a cursed -3 club (weapon)
Missiles
 a - 12 arrows
Books
 b - a book of Changes

   Spells                             Type                      Level
   a - Beastly Appendage              Transmutation                1
   b - Sticks to Snakes               Transmutation                2
   c - Spider Form                    Transmutation/Poison         3
   d - Ice Form                       Ice/Transmutation            4
   e - Blade Hands                    Transmutation                5
Comestibles
 c - a bread ration
 f - a meat ration


   Skills:
 + Level 1.1 Fighting
 + Level 1.8 Dodging
 + Level 3.3 Unarmed Combat
 + Level 2.0 Spellcasting
 + Level 2.0 Transmutations


You had 3 spell levels left.
You knew the following spells:

 Your Spells              Type           Power        Failure   Level  Hunger
a - Beastly Appendage     Tmut           #.....       11%         1    ##.....


Dungeon Overview and Level Annotations

Branches:
Dungeon (1/15)

Altars:


Innate Abilities, Weirdness & Mutations

Your plain brown scales are hard. (AC +4)
You cannot fit into any form of body armour.
You are cold-blooded and may be slowed by cold attacks.


Message History

* * * LOW HITPOINT WARNING * * *
The bat hits you but does no damage.
You hit the kobold.
You kill the kobold!
Your talons disappear.
The bat completely misses you. The kobold closely misses you.
The kobold hits you but does no damage. The kobold closely misses you.
Things that are here:
a short sword; a kobold corpse The bat closely misses you.
You hit the bat but do no damage.
Your tail-slap misses the bat.
The bat misses you. The bat barely misses you. x2
The kobold hits you with a whip.
* * * LOW HITPOINT WARNING * * *
You closely miss the bat. The bat misses you.
The kobold hits you with a dagger.
* * * LOW HITPOINT WARNING * * *
The kobold closely misses you. The kobold hits you with a dagger.
You die...

##...#.###.........#..#.#
#...#..##.#..........#.#
######.##.###...####.#.#
#######.##.# #... #.#..
......(..#.# #.. ###.####
.........#.#
######.......
.........w.#
#...........#
........#bK#
#.####.......
........#@K# #.# #####.#.
........#### #.# .#.
........######'#####. .#
........+............. .#
...?....####....###...
####### ##.........
#.......#..
######..###.....
#<.##..## ..#.#


You could see a dart slug, a bat and 2 kobolds.

Vanquished Creatures
  A dart slug (D:1)
  A hobgoblin (D:1)
  A kobold (D:1)
  A rat (D:1)
4 creatures vanquished.

Notes
Turn   | Place    | Note
-------+----------+-------------------------------------------
     0 | D:1      | BingusPrime the Draconian Transmuter began the quest for the Orb.
     0 | D:1      | Reached XP level 1. HP: 16/16 MP: 3/3
   118 | D:1      | Slain by a kobold

Vault maps used:
D:1:      dpeg_arrival_short_road

Action                   || total
-------------------------++-------
Melee: Club              ||    13
       Unarmed           ||     8
       Kick              ||     2
       Punch             ||     2
       Tailslap          ||     1
 Cast: Beastly Appendage ||     4
  Use: Scroll            ||     1
Armor: Skin              ||    11
Dodge: Dodged            ||    35

Table legend:
 A = Spawn XP
 B = Non-spawn XP
 C = Spawn XP percentage of total XP
 D = Spawn monster count
 E = Non-spawn monster count
 F = Spawn count percentage of total count
 G = Total turns spent on level
                    A         B        C        D         E        F      G
               +---------+---------+-------+---------+---------+-------+---------
         Total |       0 |       8 |   0.0 |       0 |       4 |   0.0 |   118
               +---------+---------+-------+---------+---------+-------+---------
           D:1 |       0 |       8 |   0.0 |       0 |       4 |   0.0 |   118
               +---------+---------+-------+---------+---------+-------+---------
